 Dungeon Crawl Stone Soup version 0.29.1-1-gd02db6906a (webtiles) character file.

Game seed: 15573795682111032557

5 hikkokomori the Firebug (level 1, -7/19 HPs)
             Began as an Ogre Fire Elementalist on Oct 6, 2022.
             Mangled by a gnoll
             ... wielding a +0 flail
              (8 damage)
             ... on level 1 of the Dungeon.
             The game lasted 00:01:15 (320 turns).

hikkokomori the Firebug (Ogre Fire Elementalist)     Turns: 320, Time: 00:01:15

Health: -7/19      AC:  3    Str: 11    XL:     1   Next: 80%
Magic:  1/3        EV:  9    Int: 16    God:
Gold:   40         SH:  0    Dex:  9    Spells: 3/4 levels left

rFire   . . .      SeeInvis .   e - +0 whip
rCold   . . .      Faith    .   (no shield)
rNeg    . . .      Spirit   .   a - +0 robe
rPois   .          Reflect  .   (helmet restricted)
rElec   .          Harm     .   (no cloak)
rCorr   .          Rampage  .   (gloves unavailable)
Will    .....                   (boots unavailable)
Stlth   +.........              (no amulet)
HPRegen 0.06/turn               (no ring)
MPRegen 0.08/turn               (no ring)

@: no status effects
A: large, unfitting armour, tough skin 1
a: no special abilities


You were on level 1 of the Dungeon.
You visited 1 branch of the dungeon, and saw 1 of its levels.

You collected 40 gold pieces.

Inventory:

Hand Weapons
 e - a +0 whip (weapon)
Armour
 a - a +0 robe (worn)
Wands
 c - a wand of charming (3)
Scrolls
 d - a scroll of identify {unknown}
Potions
 b - a potion of magic


   Skills:
 + Level 1.3 Fighting
 - Level 1.7 Dodging
 - Level 1.4 Stealth
 - Level 2.4 Spellcasting
 - Level 1.0 Conjurations
 - Level 2.7 Fire Magic


You had 3 spell levels left.
You knew the following spells:

 Your Spells              Type           Power      Damage    Failure   Level
a - Foxfire               Conj/Fire      32%        2x1d5     9%          1

Your spell library contained the following spells:

 Spells                   Type           Power      Damage    Failure   Level
 Scorch                   Fire           20%        2d6       10%         2
 Conjure Flame            Conj/Fire      8%         6-21      26%         3
 Inner Flame              Hex/Fire       6%         N/A       34%         3
 Flame Wave               Conj/Fire      8%         2d5       65%         4


Dungeon Overview and Level Annotations

Branches:
Dungeon (1/15)

Altars:
Trog


Innate Abilities, Weirdness & Mutations

You are too large for most types of armour.
You have tough skin. (AC +1)


Message History

The ball python bites you but does no damage. x2
You hit the ball python but do no damage.
The ball python is moderately wounded.
The ball python bites you.
You barely miss the ball python.
The ball python is moderately wounded.
The ball python bites you but does no damage.
You hit the ball python.
You kill the ball python!
Your magical contamination has completely faded away.
You see here a ball python corpse.
Things that are here:
a +0 whip; a stone; a kobold corpse
e - a +0 whip
e - a +0 whip (weapon)
Unknown command.
HP restored.
You open the large door.
A goblin and a gnoll come into view.
There is a large open door here.
A kobold and a goblin come into view.
The goblin shouts!
The gnoll shouts!
The goblin shouts!
The kobold shouts!
You hear an angry hiss.
There is a large open door here.
There is a large open door here.
Casting: Foxfire (safe; 9% risk of failure)
Confirm with . or Enter, or press ? or * to list all spells.
You conjure some foxfire!
A ball python comes into view.
The gnoll hits you with a +0 flail!
The foxfire hits the gnoll.
The gnoll is lightly wounded.
The foxfire hits the gnoll.
The gnoll is lightly wounded.
The gnoll hits you with a +0 flail!
* * * LOW HITPOINT WARNING * * *
Casting: Foxfire (safe; 9% risk of failure)
Confirm with . or Enter, or press ? or * to list all spells.
You conjure some foxfire!
The gnoll hits you with a +0 flail!
You die...

#...# ...#
##'## K..####
#...# .......
#.†.# .......
#...# ..g....
#.†.# .......
#.(.##KS.....
#.vgg'g......
#§@.##.......
#.v.# .......
#...# ...####
#...# g..#
#...# ...#
#...# ####
#####


You could see a gnoll (ally target), 2 goblins, a ball python and a kobold.

Vanquished Creatures
  2 ball pythons (D:1)
  A hobgoblin (D:1)
  A kobold (D:1)
  A rat (D:1)
5 creatures vanquished.

Vanquished Creatures (others)
  15 foxfires (D:1)
15 creatures vanquished.

Grand Total: 20 creatures vanquished

Notes
Turn   | Place    | Note
-------+----------+-------------------------------------------
     0 | D:1      | hikkokomori the Ogre Fire Elementalist began the quest for
                  | the Orb.
     0 | D:1      | Reached XP level 1. HP: 16/16 MP: 3/3
    65 | D:1      | Reached skill level 1 in Conjurations
   143 | D:1      | Found a faded altar of an unknown god.
   163 | D:1      | Prayed at the altar of an unknown god.
   163 | D:1      | Became a worshipper of Trog the Wrathful
   163 | D:1      | Reached * piety under Trog
   169 | D:1      | Was placed under penance by Trog
   174 | D:1      | Fell from the grace of Trog
   255 | D:1      | Reached skill level 1 in Fighting
   320 | D:1      | Mangled by a gnoll

Illustrated notes

Levels and vault maps discovered:
D:1:      roderic_dead_forest, layout_basic, hellmonk_ecumenical_altar_lost_god

Skill      XL: |  1 |
---------------+----+-----
Conjurations   | 1 |  1.0
Fighting       | 1 |  1.3
Dodging        | |  1.7
Stealth        | |  1.4
Spellcasting   | |  2.4
Fire Magic     | |  2.7

Action                   || total
-------------------------++-------
Melee: Unarmed           ||    14
 Cast: Foxfire           ||     9
Invok: Renounce Religion ||     1
Armor: Robe              ||     7
Dodge: Dodged            ||    10
